 Dungeon Crawl Stone Soup version 0.19-a0-1932-g59670f6 (webtiles) character file.

37 Ryco the Shield-Bearer (level 3, 0/23 HPs)
             Began as a Gargoyle Fighter on Oct 25, 2016.
             Slain by an orc wizard
             ... wielding a +0 dagger
              (1 damage)
             ... on level 2 of the Dungeon.
             The game lasted 00:02:51 (649 turns).

Ryco the Shield-Bearer (Gargoyle Fighter)            Turns: 649, Time: 00:02:52

Health: 0/23       AC: 10    Str: 20    XL:     3   Next: 41%
Magic:  3/3        EV:  7    Int:  8    God:
Gold:   46         SH:  9    Dex:  9    Spells: 0 memorised, 2 levels left

rFire  . . .     SeeInvis .     a - +0 flail
rCold  . . .     Gourm    .     b - +0 scale mail
rNeg   + . .     Faith    .     c - +0 shield
rPois  ∞         Spirit   .     (no helmet)
rElec  +         Reflect  .     (no cloak)
rCorr  .         Harm     .     (no gloves)
MR     .....     Rnd*Tele +     (no boots)
Stlth  ..........               (no amulet)
                                (no ring)
                                k - ring of teleportation (curse)

@: no status effects
A: negative energy resistance 1, electricity resistance, unbreathing,
petrification resistance, rot immunity, AC +3
a: no special abilities


You were on level 2 of the Dungeon.
You were not hungry.

You visited 1 branch of the dungeon, and saw 3 of its levels.

You collected 46 gold pieces.

Inventory:

Hand Weapons
 a - a +0 flail (weapon)
Armour
 b - a +0 scale mail (worn)
 c - a +0 shield (worn)
Jewellery
 k - a cursed ring of teleportation (left hand)
Scrolls
 g - a scroll of fear
Potions
 d - a potion of might
 e - a potion of berserk rage
 h - a potion of brilliance {unknown}
 i - 2 potions of magic {unknown}
 j - a potion of lignification {unknown}
 l - a potion of heal wounds {unknown}
Comestibles
 f - a bread ration


   Skills:
 - Level 3.3 Fighting
 * Level 3.4 Maces & Flails
 - Level 3.4 Armour
 - Level 3.4 Shields


You had 2 spell levels left.
You didn't know any spells.

Dungeon Overview and Level Annotations

Branches:
Dungeon (3/15)

Altars:
Ashenzari


Innate Abilities, Weirdness & Mutations

You are resistant to torment.
Your stone body is resilient. (AC +3)
You are immune to poison.
You resist negative energy. (rN+)
You are resistant to electric shocks. (rElec)
You can survive without breathing.
You are immune to petrification.
You are immune to rotting.


Message History

You hear some strange, mumbled words.
Something tries to affect you, but you resist.
You miss something.
An orc wizard appears from thin air!
Reactivating autopickup.
The orc wizard hits you but does no damage.
You closely miss the orc wizard.
The orc wizard is severely wounded.
The orc wizard mumbles some strange words.
The orc wizard flickers and vanishes!
Deactivating autopickup; reactivate with Ctrl-A.
You closely miss something. You block something's attack. x2
You closely miss something. Something hits you but does no damage.
You hit something but do no damage.
You hear some strange, mumbled words.
A magic dart appears from out of thin air!
The magic dart hits you!
* * * LOW HITPOINT WARNING * * *
Your shield prevents you from hitting something.
You block something's attack. Something hits you.
You die...

........##.#..#†#..###.
.........#.#...<.......
.........#.#..#.#.#####
.........#.#..........
.........#.#..####....
..#+####.#...........## ##
#.###...#.#.#.# #{# #.....# .#
#########@# #..#†.#
#......##.# #.....#
########......##.# ##.##.#
..............##.# #.##.#
########......##.####.##.###.#
####..###.........<...#
#######.########.########
........................
########.#######.#######


There were no monsters in sight!

Vanquished Creatures
  An adder (D:2)
  A worm (D:2)
  A leopard gecko (D:1)
  A bat (D:1)
  3 giant cockroaches (D:1)
  2 goblins (D:1)
  4 hobgoblins (D:1)
  2 jackals (D:1)
  2 kobolds
  6 rats
23 creatures vanquished.

Notes
Turn   | Place    | Note
-------+----------+-------------------------------------------
     0 | D:1      | Ryco the Gargoyle Fighter began the quest for the Orb.
     0 | D:1      | Reached XP level 1. HP: 14/14 MP: 1/1
    39 | D:1      | Reached XP level 2. HP: 17/19 MP: 2/2
   240 | D:1      | Found a shattered altar of Ashenzari.
   275 | D:1      | Reached XP level 3. HP: 18/23 MP: 3/3
   648 | D:2      | HP: 1/23 [something/magic dart (6)]
   649 | D:2      | Slain by an orc wizard

Vault maps used:
D:1:      dpeg_arrival_lava_temple_mockup, evilmike_ruin_ashenzari

Skill      XL: |  1  2 |
---------------+-------+-----
Maces & Flails | 3 |  3.4
Fighting       | |  3.3
Armour         | |  3.4
Shields        | |  3.4

Action                   || total
-------------------------++-------
Melee: Flail             ||   119
  Use: Scroll            ||     3
Armor: Scale mail        ||    67
Dodge: Dodged            ||    29
Block: Shield            ||    50
